 Dungeon Crawl Stone Soup version 0.21-a0-163-g3aa3f5d (webtiles) character file.

263 Voidvoid the Slasher (level 5, -12/41 HPs)
             Began as a Demonspawn Monk on Aug 5, 2017.
             Mangled by an ogre
             ... wielding a +0 giant club
              (16 damage)
             ... on level 4 of the Dungeon.
             The game lasted 00:04:22 (2838 turns).

Voidvoid the Slasher (Demonspawn Monk)              Turns: 2838, Time: 00:04:23

Health: -12/41     AC: 10    Str: 12    XL:     5   Next: 98%
Magic:  5/5        EV:  3    Int: 11    God:
Gold:   161        SH:  9    Dex: 16    Spells: 4/4 levels left

rFire    . . .     SeeInvis .   a - +0 falchion
rCold    . . .     Gourm    .   t - +2 shield
rNeg     . . .     Faith    .   w - +0 chain mail
rPois    .         Spirit   .   u - +0 helmet
rElec    .         Reflect  .   (no cloak)
rCorr    .         Harm     .   i - +0 pair of gloves
MR       .....                  (no boots)
Stlth    ..........             (no amulet)
HPRegen  0.13/turn              q - +2 ring of slaying
MPRegen  0.09/turn              k - ring of wizardry

@: no status effects
A: nightstalker 1, powered by pain 2
a: no special abilities


You were on level 4 of the Dungeon.
You were hungry.

You visited 1 branch of the dungeon, and saw 4 of its levels.

You collected 161 gold pieces.

Inventory:

Hand Weapons
 a - a +0 falchion (weapon)
Armour
 i - a +0 pair of gloves (worn)
 t - a +2 shield (worn)
 u - a +0 helmet (worn)
 w - a +0 chain mail (worn)
Jewellery
 g - an uncursed ring of fire
 k - a ring of wizardry (right hand)
 p - an uncursed amulet of regeneration {unknown}
 q - a +2 ring of slaying (left hand)
 z - a +3 ring of dexterity {unknown}
Wands
 r - a wand of digging (8/24)
Scrolls
 e - a scroll of recharging {unknown}
 f - a scroll of identify {unknown}
 l - 2 scrolls of remove curse
 n - a scroll of fog {unknown}
 o - a scroll of fear {unknown}
 y - a scroll of blinking {unknown}
Potions
 d - a potion of agility {unknown}
 h - 3 potions of flight {unknown}
 j - a potion of heal wounds
 m - a potion of cancellation {unknown}
 s - a potion of curing {unknown}
 v - a potion of lignification {unknown}
Comestibles
 b - 2 royal jellies
 c - a bread ration
 x - a meat ration


   Skills:
 - Level 3.0 Fighting
 + Level 6.1 Long Blades
 - Level 2.6 Dodging
 - Level 1.7 Stealth


You had 4 spell levels left.
You didn't know any spells.

Dungeon Overview and Level Annotations

Branches:
Dungeon (4/15)
 Temple: D:4-7

Altars:
Makhleb


Innate Abilities, Weirdness & Mutations

You are slightly more attuned to the shadows.
You sometimes gain power by taking damage.


Message History

You slash the ogre!
The ogre is heavily wounded.
The ogre hits you with a giant club!
Your shield and chain mail prevent you from hitting the ogre.
The ogre is heavily wounded.
The ogre hits you with a giant club.
You hit the ogre.
The ogre is severely wounded.
You closely miss the ogre.
The ogre is severely wounded.
You block the ogre's attack.
You hit the ogre.
The ogre is severely wounded.
The ogre hits you with a giant club!!
Ouch! That really hurt!
* * * LOW HITPOINT WARNING * * *
Your shield and chain mail prevent you from hitting the ogre.
The ogre is severely wounded.
The ogre hits you with a giant club!
You die...

.....#.)##.......####.....#
#.##.##()).......# ##.....#
# . ####.......# #......#
#. #.......# #......# #
###..######.####...
#.[.###.............
.......>......####....
..##.#####.##### . #. #@#
.. #O# .. #....... ........
#........ .........
.......... =.........


You could see an ogre.

Vanquished Creatures
  A scorpion (D:4)
  2 hounds (D:3)
  Terence (D:3)
  Robin (D:3)
  3 adders
  An ooze (D:2)
  A worm (D:3)
  2 dart slugs
  3 leopard geckos (D:3)
  5 orcs (D:4)
  3 ball pythons
  7 bats
  3 giant cockroaches
  12 goblins
  6 hobgoblins
  10 kobolds
  3 frilled lizards
  8 rats
72 creatures vanquished.

Notes
Turn   | Place    | Note
-------+----------+-------------------------------------------
     0 | D:1      | Voidvoid the Demonspawn Monk began the quest for the Orb.
     0 | D:1      | Reached XP level 1. HP: 18/18 MP: 1/1
   102 | D:1      | Reached skill level 3 in Long Blades
   163 | D:1      | Gained mutation: You sometimes gain a little power by taking damage. [demonic ancestry]
   163 | D:1      | Reached XP level 2. HP: 23/24 MP: 2/2
   644 | D:2      | Gained mutation: You are slightly more attuned to the shadows. [demonic ancestry]
   644 | D:2      | Reached XP level 3. HP: 20/29 MP: 3/3
   959 | D:2      | Reached skill level 4 in Long Blades
  1671 | D:3      | Noticed Terence
  1672 | D:3      | Reached XP level 4. HP: 33/35 MP: 4/4
  1695 | D:3      | Killed Terence
  1786 | D:3      | Noticed Robin
  1825 | D:3      | Killed Robin
  1825 | D:3      | Reached skill level 5 in Long Blades
  1845 | D:3      | Gained mutation: You sometimes gain power by taking damage. [demonic ancestry]
  1845 | D:3      | Reached XP level 5. HP: 9/41 MP: 5/5
  2228 | D:3      | Found a burning altar of Makhleb.
  2426 | D:4      | Reached skill level 6 in Long Blades
  2829 | D:4      | Noticed an ogre
  2838 | D:4      | Mangled by an ogre

Vault maps used:
D:1:      lemuel_arrival_hallway
D:2:      minmay_misc_feat_chi
D:3:      makhleb_blood_cavern_becter, uniq_terence, uniq_robin
D:4:      elyvilon_altar_1, vehumet_statue, first_bread, grunt_qazlal_clouds,
          uniq_duvessa

Skill      XL: |  1  2  3  4  5 |
---------------+----------------+-----
Long Blades    | 3 4 5 6 |  6.1
Fighting       | |  3.0
Dodging        | |  2.6
Stealth        | |  1.7

Action                   |  1- 3 |  4- 6 || total
-------------------------+-------+-------++-------
Melee: Falchion          |   104 |   178 ||   282
  Use: Scroll            |       |     3 ||     3
       Potion            |       |     3 ||     3
 Stab: Sleeping          |    11 |     1 ||    12
       Distracted        |     2 |       ||     2
  Eat: Chunk             |     1 |     5 ||     6
Armor: Leather armour    |    20 |     3 ||    23
       Chain mail        |       |   133 ||   133
Dodge: Dodged            |    62 |    29 ||    91
Block: Shield            |       |   134 ||   134
       Rpst.: Falchion   |    17 |    11 ||    28
